Map: Crête de Lerilak

Players

Worming - Winner!

  • Race: Zerg Zerg
  • League: Diamond

aziddy

  • Race: Zerg Zerg
  • League: Diamond

VOD

Have the link to the VOD?

Description

Time

  • Played on: Nov. 27, 2015, 4:21 p.m.
  • Length: 10:00
Show
View Real Time Build Order
Export as new Build Order

Worming Zerg - Winner!

Build Orders: Pool First 

Get SALT Encoding   

  12  0:00  Drone  
  13  0:09  Drone  
  14  0:20  Extractor x2  
  12  0:21  Drone x2  
  16  0:36  Extractor  
  16  0:38  Spawning Pool  
  14  0:43  Overlord  
  14  0:50  Extractor  
  14  0:51  Drone  
  15  1:03  Drone x2  
  17  1:05  Drone  
  18  1:16  Overlord  
  18  1:25  Queen  
  18  1:27  Zergling x2  
  21  1:38  Metabolic Boost, Zergling x2  
  22  1:49  Zergling x2  
  23  1:58  Drone  
  24  2:13  Baneling Nest, Drone  
  24  2:21  Zergling x2  
  26  2:32  Zergling x2  
  26  2:36  Hatchery  
  26  2:39  Overlord  
  26  2:43  Drone  
  26  2:44  Drone  
  28  2:48  Lair  
  28  2:50  Evolution Chamber  
  26  2:52  Zergling x2  
  27  3:03  Roach Warren  
  24  3:26  Zergling x6  
  27  3:33  Zerg Missile Weapons Level 1  
  25  3:35  Overlord  
  25  3:36  Zergling x2  
  26  3:45  Roach, Glial Reconstitution  
  30  3:55  Roach  
  30  3:56  Zergling x2  
  30  4:02  Zergling x2  
  32  4:12  Drone x4  
  36  4:19  Roach  
  36  4:23  Drone  
  39  4:27  Overlord  
  39  4:34  Roach x2  
  39  4:35  Zergling x2  
  41  4:46  Roach  
  41  4:47  Roach  
  41  4:51  Roach  
  42  4:55  Zergling x4  
  32  5:14  Drone x4  
  35  5:25  Drone  
  35  5:26  Drone, Extractor  
  36  5:36  Roach x2  
  39  6:04  Drone x6  
  41  6:31  Zerg Missile Weapons Level 2  
  41  6:34  Zergling x4, Roach x3  
  41  6:35  Zergling x4  
  41  6:36  Drone  
  52  6:46  Overlord x2  
  52  6:54  Roach  
  52  6:59  Overseer  
  52  7:01  Overlord  
  52  7:05  Zergling x2  
  52  7:06  Zergling x6  
  56  7:09  Drone  
  57  7:21  Drone x4  
  57  7:22  Queen  
  62  7:28  Extractor  
  62  7:29  Drone x2  
  63  7:31  Drone  
  63  7:32  Roach, Overlord  
  63  7:36  Ravager  
  67  7:43  Ravager  
  69  7:44  Zergling x4  
  70  7:56  Ravager  
  68  8:05  Drone x2, Extractor  
  68  8:06  Drone  
  69  8:20  Drone x3  
  69  8:21  Drone  
  73  8:34  Hatchery  
  72  8:52  Drone  
  72  8:55  Zergling x2  
  72  9:06  Roach x6  
  72  9:07  Overlord x2  
  84  9:19  Spire  
  83  9:24  Overlord  
  83  9:26  Overlord  
  83  9:29  Roach x6  
Show
View Real Time Build Order
Export as new Build Order

aziddy Zerg 

Build Orders: Pool First 

Get SALT Encoding   

  12  0:01  Drone  
  13  0:12  Overlord  
  13  0:17  Drone  
  14  0:30  Drone x2  
  14  0:34  Drone  
  17  0:46  Spawning Pool  
  17  0:48  Drone  
  17  0:56  Drone  
  18  1:15  Hatchery  
  18  1:17  Drone  
  18  1:19  Extractor  
  18  1:24  Overlord  
  17  1:32  Queen  
  19  1:43  Roach Warren  
  18  1:47  Drone  
  18  1:51  Drone  
  20  1:54  Drone  
  21  2:08  Queen  
  23  2:26  Queen  
  23  2:28  Roach x2  
  29  2:35  Roach  
  31  2:39  Roach  
  33  2:48  Roach  
  35  3:07  Drone  
  35  3:08  Overlord  
  34  3:33  Roach x2  
  38  3:42  Overlord  
  38  3:43  Overlord  
  42  4:02  Roach  
  42  4:03  Roach x2  
  42  4:06  Roach x3  
  50  4:26  Hatchery  
  47  4:52  Drone x6  
  41  5:13  Drone x2  
  35  5:21  Roach  
  35  5:29  Drone  
  36  5:39  Drone x2  
  38  5:51  Roach x2  
  38  5:52  Roach x2  
  40  6:05  Roach x2  
  38  6:25  Roach x4  
  43  6:26  Roach x3  
  46  6:34  Roach  
  46  6:35  Roach  
  50  6:41  Drone x4  
  50  6:42  Drone  
  53  6:52  Drone x4  
  57  6:54  Queen  
  59  7:06  Overlord  
  59  7:14  Spine Crawler  
  59  7:15  Spine Crawler  
  57  7:18  Roach  
  57  7:20  Drone  
  57  7:22  Overlord  
  60  7:24  Lair  
  60  7:27  Drone x2, Extractor  
  60  7:29  Drone  
  62  7:37  Roach  
  62  7:38  Roach  
  66  7:45  Roach  
  68  7:59  Drone x3  
  68  8:00  Drone x2  
  68  8:01  Spine Crawler  
  72  8:06  Overlord  
  72  8:08  Overlord  
  72  8:20  Overlord  
  72  8:26  Glial Reconstitution  
  72  8:28  Spine Crawler x2  
  72  8:31  Ravager  
  71  8:40  Ravager  
  72  8:51  Roach  
  72  8:52  Roach x2  
  78  9:02  Extractor  
  77  9:08  Roach  
  77  9:09  Roach x3  
  85  9:10  Overlord  
  85  9:18  Roach x2  
  85  9:22  Roach  
  85  9:23  Overlord  
  91  9:24  Overlord  
  91  9:30  Roach  
  91  9:31  Roach  
  95  9:37  Roach x2  
Tags
 
Add a new tag
Caveats
  • Supply blocks, unpowered buildings, or Contaminate may cause inaccurate times.
  • Supply counts are checked every 10 seconds.